AoeStats
← DK_Odysseo

Arabia

508685408Analyzed
1v1 RM · 8d ago on Sep 23, 2026· 40m 6s· 2 players
Game mode
Random Map
Map size
Tiny (2 player)
Population
200
Speed
Normal
Resources
Standard
Victory
Conquest
Starting age
Dark Age
Ending age
Imperial Age
RankedLock teamsTeams togetherTeam positionsShared explorationLock speedFull tech treeHidden civsTurbo modeCheats
Victory
Defeat
🇪🇸 Muisca · Spain
1910
+12
🇨🇳 Huns · China
1822
-12
great soup
6:20 Loom
8:15 Feudal Age
8:58 Double-Bit Axe
11:27 Horse Collar
16:15 Forging
16:37 Bloodlines
22:13 Castle Age
20:47 Padded Archer Armor
20:48 Fletching
22:08 Wheelbarrow
22:43 Light Cavalry
23:30 Scale Barding Armor
26:24 Chain Barding Armor
32:45 Bodkin Arrow
33:26 Town Watch
DK_Odysseo
6:01 Loom
8:47 Feudal Age
9:03 Champi Runner
9:46 Double-Bit Axe
14:21 Fletching
20:26 Castle Age
18:42 Horse Collar
18:52 Gold Mining
20:31 Crossbowman
21:06 Bodkin Arrow
21:19 Heavy Plow
21:31 Bow Saw
26:09 Squires
26:32 Padded Archer Armor
27:18 Wheelbarrow
26:28 Town Watch
28:25 Pikeman
30:11 Ballistics
30:32 Scale Mail Armor
31:41 Chain Mail Armor
31:36 Forging
33:17 Thumb Ring
34:33 Iron Casting
39:56 Imperial Age
38:15 Herbalism
40:14 Leather Archer Armor
40:31 Hand Cart
40:18 Heavy Plow
40:54 Gold Shaft Mining
40:09 Stone Mining
40:40 Bracer
41:40 Chemistry
Connection lost

Rejoining the realm…

Still unreachable

The connection could not be restored.

Session expired

The server has moved on; the page needs a fresh start.